PAAA
BAKERSFIELD NOBLES @ NAPERVILLE BATTLEKINGS
08/18/2030
 
TOP OF THE 1ST
Bakersfield Nobles batting - Pitching for Naperville Battlekings : RHP Javier Dávila
Pitching: RHP Javier Dávila
Batting: RHB Jesús Orozco 0-0: Foul Ball, location: 2F
0-1: Ball
1-1: Called Strike
1-2: Ball
2-2: Ball
3-2: Foul Ball, location: 2F
3-2: Ground out 6-3 (Groundball, 6S)
Batting: LHB Alberto Enríquez 0-0: Fly out, F3 (Line Drive, 34)
Batting: LHB Ramiro Ramos 0-0: SINGLE (Groundball, 56D)
Batting: LHB Bill Chambers 0-0: Ball
1-0: Called Strike
1-1: Swinging Strike
1-2: Ball
2-2: Strikes out swinging
Top of the 1st over - 0 runs, 1 hit, 0 errors, 1 left on base; Bakersfield 0 - Naperville 0
BOTTOM OF THE 1ST
Naperville Battlekings batting - Pitching for Bakersfield Nobles : LHP José Sánchez
Pitching: LHP José Sánchez
Batting: RHB Fernando Martínez 0-0: Ball
1-0: Foul Ball, location: 2F
1-1: SINGLE (Line Drive, 6MD)
Batting: RHB Carlos González 0-0: Ball
1-0: Foul Ball, location: 2F
1-1: Ball
2-1: Ball
3-1: Foul Ball, location: 2F
3-2: Strikes out swinging
Fernando Martínez steals 2nd base
Batter strikes out.
Batting: RHB Jay Hood 0-0: Ball
1-0: Called Strike
1-1: Ball
2-1: Foul Ball, location: 2F
2-2: Fly out, F8 (Line Drive, 8RS)
Batting: RHB Ángel Rivera 0-0: Called Strike
0-1: Ball
1-1: Ball
2-1: TRIPLE (Flyball, 89XD)
Fernando Martínez scores
Pinch Runner at 3rd Philip Strickland:
Batting: LHB Marcos Costa 0-0: Fly out, F6 (Flyball, 6D)
Bottom of the 1st over - 1 run, 2 hits, 0 errors, 1 left on base; Bakersfield 0 - Naperville 1
TOP OF THE 2ND
Bakersfield Nobles batting - Pitching for Naperville Battlekings : RHP Javier Dávila
Now in RF: Philip Strickland
Batting: RHB Marcos Reyes 0-0: Foul Ball, location: 2F
0-1: Ball
1-1: SINGLE (Groundball, 6MD)
Batting: LHB Hideki Hisanobu 0-0: Ball
1-0: Ball
2-0: Ball
3-0: Called Strike
3-1: Base on Balls
Marcos Reyes to second
Batting: RHB Wade Killefer 0-0: Ball
Wild Pitch!
Marcos Reyes to third
Hideki Hisanobu to second
1-0: Ground out U3 (Groundball, 34S)
Marcos Reyes scores
Hideki Hisanobu to third
Batting: RHB Alfredo García 0-0: Called Strike
0-1: Ground out 4-3 (Groundball, 34)
Hideki Hisanobu scores
Batting: RHB Tony Hernández 0-0: Ground out 1-3 (Groundball, 13S)
Top of the 2nd over - 2 runs, 1 hit, 0 errors, 0 left on base; Bakersfield 2 - Naperville 1
BOTTOM OF THE 2ND
Naperville Battlekings batting - Pitching for Bakersfield Nobles : LHP José Sánchez
Batting: RHB Jorge Baker 0-0: Called Strike
0-1: Foul Ball, location: 2F
0-2: DOUBLE (Line Drive, 7LS)
Batting: SHB Alex Mable 0-0: Foul Ball, location: 2F
0-1: Ball
1-1: Swinging Strike
1-2: Foul Ball, location: 2F
1-2: Strikes out swinging
Batting: RHB Edward Payne 0-0: Ball
1-0: Ball
2-0: Ball
3-0: Called Strike
3-1: Called Strike
3-2: Base on Balls
Batting: LHB Juan Villanueva 0-0: Ball
1-0: Called Strike
1-1: Fly out, F8 (Flyball, 8LM)
Batting: RHB Fernando Martínez 0-0: Ball
1-0: Called Strike
1-1: Foul Ball, location: 2F
1-2: Ball
2-2: Ball
3-2: Base on Balls
Jorge Baker to third
Edward Payne to second
Batting: RHB Carlos González 0-0: Ball
1-0: Ball
2-0: Called Strike
2-1: Ball
3-1: Foul Ball, location: 2F
3-2: Foul Ball, location: 2F
3-2: Reached on error, E5 (Groundball, 56)
Jorge Baker scores
Edward Payne to third
Fernando Martínez to second
Batting: RHB Jay Hood 0-0: Ball
1-0: Called Strike
1-1: Foul Ball, location: 2F
1-2: Strikes out swinging
Bottom of the 2nd over - 1 run, 1 hit, 1 error, 3 left on base; Bakersfield 2 - Naperville 2
TOP OF THE 3RD
Bakersfield Nobles batting - Pitching for Naperville Battlekings : RHP Javier Dávila
Batting: RHB Jesús Orozco 0-0: Fly out, F8 (Flyball, 8RM)
Batting: LHB Alberto Enríquez 0-0: Called Strike
0-1: Called Strike
0-2: Fly out, F8 (Flyball, 8LD)
Batting: LHB Ramiro Ramos 0-0: SINGLE (Groundball, 6MD)
Batting: LHB Bill Chambers 0-0: SINGLE (Groundball, 6MD)
Ramiro Ramos to second
Batting: RHB Marcos Reyes 0-0: Called Strike
0-1: Called Strike
0-2: Ball
1-2: Strikes out swinging
Top of the 3rd over - 0 runs, 2 hits, 0 errors, 2 left on base; Bakersfield 2 - Naperville 2
BOTTOM OF THE 3RD
Naperville Battlekings batting - Pitching for Bakersfield Nobles : LHP José Sánchez
Batting: LHB Philip Strickland 0-0: Foul Ball, location: 2F
0-1: Swinging Strike
0-2: Strikes out looking
Batting: LHB Marcos Costa 0-0: Foul Ball, location: 2F
0-1: Foul Ball, location: 2F
0-2: Ball
1-2: Ball
2-2: Foul Ball, location: 2F
2-2: Ground out 3-1 (Groundball, 2R)
Batting: RHB Jorge Baker 0-0: Foul Ball, location: 2F
0-1: Ball
1-1: Ball
2-1: Ball
3-1: Foul Ball, location: 2F
3-2: Ground out 5-3 (Groundball, 56)
Bottom of the 3rd over - 0 runs, 0 hits, 0 errors, 0 left on base; Bakersfield 2 - Naperville 2
TOP OF THE 4TH
Bakersfield Nobles batting - Pitching for Naperville Battlekings : RHP Javier Dávila
Batting: LHB Hideki Hisanobu 0-0: Foul Ball, location: 2F
0-1: Ball
1-1: Called Strike
1-2: SINGLE (Line Drive, 6D)
Batting: RHB Wade Killefer 0-0: Fielders Choice at 2nd, 1-6 (Groundball, P)
Batting: RHB Alfredo García 0-0: Ground out U3 (Groundball, 34S)
Wade Killefer to second
Batting: RHB Tony Hernández 0-0: Ball
1-0: Ball
2-0: Ball
3-0: Called Strike
3-1: Foul Ball, location: 2F
3-2: Fly out, F9 (Flyball, 9)
Top of the 4th over - 0 runs, 1 hit, 0 errors, 1 left on base; Bakersfield 2 - Naperville 2
BOTTOM OF THE 4TH
Naperville Battlekings batting - Pitching for Bakersfield Nobles : LHP José Sánchez
Batting: SHB Alex Mable 0-0: Foul Ball, location: 2F
0-1: DOUBLE (Line Drive, 5D)
Batting: RHB Edward Payne 0-0: Ball
1-0: Foul Ball, location: 2F
1-1: Called Strike
1-2: Ground out 6-3 (Groundball, 6)
Alex Mable to third
Batting: LHB Juan Villanueva 0-0: Ball
1-0: Ball
2-0: Called Strike
2-1: Swinging Strike
2-2: Strikes out swinging
Batting: RHB Fernando Martínez 0-0: Swinging Strike
0-1: Foul Ball, location: 2F
0-2: Strikes out swinging
Bottom of the 4th over - 0 runs, 1 hit, 0 errors, 1 left on base; Bakersfield 2 - Naperville 2
TOP OF THE 5TH
Bakersfield Nobles batting - Pitching for Naperville Battlekings : RHP Javier Dávila
Batting: RHB Jesús Orozco 0-0: Called Strike
0-1: Ball
1-1: Foul Ball, location: 2F
1-2: Ball
2-2: Ball
3-2: Foul Ball, location: 2F
3-2: Foul Ball, location: 2F
3-2: Foul Ball, location: 2F
3-2: Ground out 6-3 (Groundball, 6)
Batting: LHB Alberto Enríquez 0-0: Ball
1-0: Foul Ball, location: 2F
1-1: Ball
2-1: Fly out, F8 (Flyball, 8LD)
Batting: LHB Ramiro Ramos 0-0: Ground out 4-3 (Groundball, 34D)
Top of the 5th over - 0 runs, 0 hits, 0 errors, 0 left on base; Bakersfield 2 - Naperville 2
BOTTOM OF THE 5TH
Naperville Battlekings batting - Pitching for Bakersfield Nobles : LHP José Sánchez
Batting: RHB Carlos González 0-0: Fly out, F6 (Line Drive, 6)
Batting: RHB Jay Hood 0-0: Fly out, F8 (Flyball, 8LS)
Batting: LHB Philip Strickland 0-0: Ball
1-0: Ball
2-0: Fly out, F4 (Popup, 34S)
Bottom of the 5th over - 0 runs, 0 hits, 0 errors, 0 left on base; Bakersfield 2 - Naperville 2
TOP OF THE 6TH
Bakersfield Nobles batting - Pitching for Naperville Battlekings : RHP Javier Dávila
Batting: LHB Bill Chambers 0-0: Ball
1-0: Foul Ball, location: 2F
1-1: Called Strike
1-2: Strikes out swinging
Batting: RHB Marcos Reyes 0-0: Called Strike
0-1: Foul Ball, location: 2F
0-2: SINGLE (Line Drive, 89S)
Batting: LHB Hideki Hisanobu 0-0: Called Strike
0-1: Foul Ball, location: 2F
0-2: Ball
1-2: Ball
2-2: Foul Ball, location: 2F
2-2: Strikes out swinging
Batting: RHB Wade Killefer 0-0: Ball
1-0: SINGLE (Flyball, 7LS)
Marcos Reyes to second
Batting: RHB Alfredo García 0-0: Fly out, F3 (Popup, 3S)
Top of the 6th over - 0 runs, 2 hits, 0 errors, 2 left on base; Bakersfield 2 - Naperville 2
BOTTOM OF THE 6TH
Naperville Battlekings batting - Pitching for Bakersfield Nobles : LHP José Sánchez
Batting: LHB Marcos Costa 0-0: Ball
1-0: Ball
2-0: Called Strike
2-1: Called Strike
2-2: Foul Ball, location: 2F
2-2: SINGLE (Flyball, 78M)
Batting: RHB Jorge Baker 0-0: Swinging Strike
0-1: Foul Ball, location: 2F
0-2: Ball
1-2: Foul Ball, location: 2F
1-2: Ball
2-2: Grounds into double play, 6-4-3 (Groundball, 6)
Batting: SHB Alex Mable 0-0: Swinging Strike
0-1: Bunt for hit - play at first, batter OUT! 1-3
Bottom of the 6th over - 0 runs, 1 hit, 0 errors, 0 left on base; Bakersfield 2 - Naperville 2
TOP OF THE 7TH
Bakersfield Nobles batting - Pitching for Naperville Battlekings : RHP Javier Dávila
Batting: RHB Tony Hernández 0-0: Called Strike
0-1: Ground out 6-3 (Groundball, 6)
Batting: RHB Jesús Orozco 0-0: Foul Ball, location: 2F
0-1: Called Strike
0-2: Ball
1-2: SINGLE (Groundball, 6S) (infield hit)
Batting: LHB Alberto Enríquez 0-0: Ball
1-0: Called Strike
1-1: Ball
2-1: Ball
3-1: Foul Ball, location: 2F
3-2: SINGLE (Groundball, 6S) (infield hit)
Jesús Orozco to second
Batting: LHB Ramiro Ramos 0-0: Ball
1-0: Fly out, F5 (Line Drive, 56)
Batting: LHB Bill Chambers 0-0: Foul Ball, location: 2F
0-1: Ball
1-1: Ball
2-1: Fly out, F7 (Flyball, 7LMF)
Top of the 7th over - 0 runs, 2 hits, 0 errors, 2 left on base; Bakersfield 2 - Naperville 2
BOTTOM OF THE 7TH
Naperville Battlekings batting - Pitching for Bakersfield Nobles : LHP José Sánchez
Batting: RHB Edward Payne 0-0: Ball
1-0: Called Strike
1-1: Ball
2-1: Ball
3-1: Foul Ball, location: 2F
3-2: Fly out, F4 (Popup, 4MD)
Batting: LHB Juan Villanueva 0-0: Called Strike
0-1: Ball
1-1: Foul Ball, location: 2F
1-2: Foul Ball, location: 2F
1-2: Ball
2-2: Ball
3-2: Base on Balls
Pitching: RHP Hiro Kurasawa
Batting: RHB Fernando Martínez 0-0: Called Strike
0-1: Ball
1-1: Called Strike
1-2: Ball
2-2: Foul Ball, location: 2F
2-2: Foul Ball, location: 2F
2-2: Foul Ball, location: 2F
2-2: Ball
3-2: Foul Ball, location: 2F
3-2: SINGLE (Groundball, 56) (infield hit)
Juan Villanueva to second
Batting: RHB Carlos González 0-0: Foul Ball, location: 2F
0-1: Ball
1-1: Ball
2-1: Ball
3-1: Base on Balls
Juan Villanueva to third
Fernando Martínez to second
Batting: RHB Jay Hood 0-0: Ball
1-0: Ball
2-0: Grounds into double play, 5-2-3 (Groundball, 56S)
Bottom of the 7th over - 0 runs, 1 hit, 0 errors, 2 left on base; Bakersfield 2 - Naperville 2
TOP OF THE 8TH
Bakersfield Nobles batting - Pitching for Naperville Battlekings : RHP Javier Dávila
Batting: RHB Marcos Reyes 0-0: Ball
1-0: Ground out 5-3 (Groundball, 56S)
Pitching: LHP Francisco Gonsáles
Pinch Hitting: RHB Yosuke Hayashi 0-0: Called Strike
0-1: Ground out 4-3 (Groundball, 4M)
Batting: RHB Wade Killefer 0-0: Ball
1-0: Ball
2-0: Foul Ball, location: 2F
2-1: Swinging Strike
2-2: Fly out, F7 (Flyball, 7LS)
Top of the 8th over - 0 runs, 0 hits, 0 errors, 0 left on base; Bakersfield 2 - Naperville 2
BOTTOM OF THE 8TH
Naperville Battlekings batting - Pitching for Bakersfield Nobles : RHP Hiro Kurasawa
Now in LF: Yosuke Hayashi
Batting: LHB Philip Strickland 0-0: Foul Ball, location: 2F
0-1: Foul Ball, location: 2F
0-2: Ball
1-2: Strikes out looking
Batting: LHB Marcos Costa 0-0: Ball
1-0: Ball
2-0: Foul Ball, location: 2F
2-1: Swinging Strike
2-2: Ball
3-2: Ground out U3 (Groundball, 3)
Batting: RHB Jorge Baker 0-0: Ball
1-0: Foul Ball, location: 2F
1-1: Ball
2-1: Ball
3-1: Base on Balls
Batting: SHB Alex Mable 0-0: Ball
1-0: Ball
2-0: Swinging Strike
2-1: Foul Ball, location: 2F
2-2: SINGLE (Line Drive, 6MD)
Jorge Baker to second
Runner from 2nd tries for 3rd, OUT!
Bottom of the 8th over - 0 runs, 1 hit, 0 errors, 1 left on base; Bakersfield 2 - Naperville 2
TOP OF THE 9TH
Bakersfield Nobles batting - Pitching for Naperville Battlekings : LHP Francisco Gonsáles
Pitching: RHP Toshiki Yokoyama
Batting: RHB Alfredo García 0-0: Ball
1-0: Ball
2-0: SINGLE (Groundball, 34D)
Batting: RHB Tony Hernández 0-0: Sac Bunt - play at first, batter OUT! 5-4
Alfredo García to second
Batting: RHB Jesús Orozco 0-0: Ball
1-0: Ball
2-0: Ball
3-0: Called Strike
3-1: Ground out 5-3 (Groundball, 56)
Batting: LHB Alberto Enríquez 0-0: Ball
1-0: Ground out 5-3 (Groundball, 56)
Top of the 9th over - 0 runs, 1 hit, 0 errors, 1 left on base; Bakersfield 2 - Naperville 2
BOTTOM OF THE 9TH
Naperville Battlekings batting - Pitching for Bakersfield Nobles : RHP Hiro Kurasawa
Batting: RHB Edward Payne 0-0: Swinging Strike
0-1: Ball
1-1: Ball
2-1: Fly out, F9 (Flyball, 89M)
Batting: LHB Juan Villanueva 0-0: Called Strike
0-1: Foul Ball, location: 2F
0-2: Ball
1-2: Strikes out swinging
Batting: RHB Fernando Martínez 0-0: Ball
1-0: Ball
2-0: Ground out 5-3 (Groundball, 56S)
Bottom of the 9th over - 0 runs, 0 hits, 0 errors, 0 left on base; Bakersfield 2 - Naperville 2
TOP OF THE 10TH
Bakersfield Nobles batting - Pitching for Naperville Battlekings : RHP Toshiki Yokoyama
Batting: LHB Ramiro Ramos 0-0: Ball
1-0: Ball
2-0: Called Strike
2-1: Foul Ball, location: 2F
2-2: DOUBLE (Flyball, 8LXD)
Batting: LHB Bill Chambers 0-0: Intentional Walk
Pinch Hitting: LHB Theo Fightmaster 0-0: Fly out, F9 (Flyball, 9LSF)
Batting: RHB Yosuke Hayashi 0-0: SINGLE (Flyball, 7LS)
Ramiro Ramos to third
Bill Chambers to second
Batting: RHB Wade Killefer 0-0: Foul Ball, location: 2F
0-1: Grounds into fielders choice 6-2 (Groundball, 6)
Bill Chambers to third
Yosuke Hayashi to second
Batting: RHB Alfredo García 0-0: Called Strike
0-1: Ground out 3-1 (Groundball, 34)
Top of the 10th over - 0 runs, 2 hits, 0 errors, 3 left on base; Bakersfield 2 - Naperville 2
BOTTOM OF THE 10TH
Naperville Battlekings batting - Pitching for Bakersfield Nobles : RHP Hiro Kurasawa
Now at C: Vincente Flores
Batting: RHB Carlos González 0-0: Foul Ball, location: 2F
0-1: Ball
1-1: Called Strike
1-2: Foul Ball, location: 2F
1-2: Ball
2-2: Ball
3-2: Ground out 5-3 (Groundball, 5)
Batting: RHB Jay Hood 0-0: SINGLE (Groundball, 6MD)
Batting: LHB Philip Strickland 0-0: Ball
1-0: Called Strike
1-1: Ball
2-1: Foul Ball, location: 2F
2-2: Strikes out looking
Jay Hood is caught stealing 2nd base
Batter strikes out.
Bottom of the 10th over - 0 runs, 1 hit, 0 errors, 0 left on base; Bakersfield 2 - Naperville 2
TOP OF THE 11TH
Bakersfield Nobles batting - Pitching for Naperville Battlekings : RHP Toshiki Yokoyama
Pitching: RHP Sixto Palaeios
Batting: RHB Tony Hernández 0-0: Foul Ball, location: 2F
0-1: Swinging Strike
0-2: DOUBLE (Line Drive, 89XD)
Batting: RHB Jesús Orozco 0-0: Sac Bunt - play at first, batter OUT! 5-3
Tony Hernández to third
Batting: LHB Alberto Enríquez Squeeze bunt is on, Tony Hernández is out
0-1: Ball
1-1: Ball
2-1: Foul Ball, location: 2F
2-2: Ball
3-2: Base on Balls
Batting: LHB Ramiro Ramos 0-0: Ball
1-0: Ball
2-0: Foul Ball, location: 2F
2-1: 2-RUN HOME RUN (Flyball, 9LD), Distance : 335 ft
Batting: LHB Bill Chambers 0-0: Ball
1-0: SINGLE (Flyball, 7S)
Batting: RHB Vincente Flores 0-0: Ball
1-0: Ball
2-0: Ball
3-0: Called Strike
3-1: Base on Balls
Bill Chambers to second
Batting: RHB Yosuke Hayashi 0-0: Ball
1-0: Called Strike
1-1: Foul Ball, location: 2F
1-2: Foul Ball, location: 2F
1-2: Ball
2-2: SINGLE (Flyball, 7LS)
Bill Chambers to third
Vincente Flores to second
Runner from 3rd tries for Home, SAFE, no throw
Batting: RHB Wade Killefer 0-0: Foul Ball, location: 2F
0-1: Ball
1-1: Swinging Strike
1-2: Ball
2-2: Ball
3-2: Foul Ball, location: 2F
3-2: Strikes out swinging
Top of the 11th over - 3 runs, 4 hits, 0 errors, 2 left on base; Bakersfield 5 - Naperville 2
BOTTOM OF THE 11TH
Naperville Battlekings batting - Pitching for Bakersfield Nobles : RHP Hiro Kurasawa
Batting: LHB Marcos Costa 0-0: Ball
1-0: Ball
2-0: Fly out, F8 (Line Drive, 8RM)
Batting: RHB Jorge Baker 0-0: Foul Ball, location: 2F
0-1: Ball
1-1: Called Strike
1-2: Ball
2-2: Reached on error, E5 (Groundball, 5)
Pitching: LHP Luis Ochoa
Batting: SHB Alex Mable 0-0: Fielders Choice at 2nd, 1-4 (Groundball, 15)
Batting: RHB Edward Payne 0-0: Ball
1-0: Fielders Choice at 2nd, 5-4 (Groundball, 56)
Bottom of the 11th over - 0 runs, 0 hits, 1 error, 1 left on base; Bakersfield 5 - Naperville 2
Sunday, March 18th, 2018 - OOTP Baseball 18.8 Build 76